 Dungeon Crawl Stone Soup version 0.22.1-1-ga44c0e5 (webtiles) character file.

198 dvd the Charmwright (level 5, -1/43 HPs)
             Began as a Gnoll Skald on Oct 21, 2018.
             Was a Believer of Jiyva.
             Slain by a centaur (3 damage)
             ... on level 4 of the Dungeon.
             The game lasted 00:06:22 (1889 turns).

dvd the Charmwright (Gnoll Skald)                   Turns: 1889, Time: 00:06:23

Health: -1/43      AC:  9    Str: 14    XL:     5   Next: 76%
Magic:  5/12       EV: 11    Int: 16    God:    Jiyva [**....]
Gold:   93         SH:  0    Dex: 14    Spells: 3/14 levels left

rFire    . . .     SeeInvis .   a - +0 hand axe
rCold    . . .     Gourm    .   (no shield)
rNeg     . . .     Faith    .   f - +0 scale mail
rPois    +         Spirit   .   (no helmet)
rElec    .         Reflect  .   j - +2 cloak {rPois}
rCorr    .         Harm     .   (no gloves)
MR       .....                  (no boots)
Stlth    ..........             (no amulet)
HPRegen  0.14/turn              (no ring)
MPRegen  0.13/turn              (no ring)

@: no status effects
A: distributed training, fangs 1, strong nose
a: Request Jelly, Renounce Religion


You were on level 4 of the Dungeon.
You worshipped Jiyva.
Jiyva was pleased with you.
You were not hungry.

You visited 1 branch of the dungeon, and saw 4 of its levels.

You collected 93 gold pieces.

Inventory:

Hand Weapons
 a - a +0 hand axe (weapon)
Armour
 f - a +0 scale mail (worn)
 g - a +0 ring mail
 j - a +2 cloak of poison resistance (worn)
 m - a scarf of resistance
Scrolls
 b - a scroll of blinking {unknown}
 e - 5 scrolls of identify {unknown}
 h - 2 scrolls of noise {unknown}
 i - 2 scrolls of teleportation {unknown}
 n - a scroll of fear {unknown}
 p - a scroll of enchant armour {unknown}
Potions
 c - a potion of magic {unknown}
 k - a potion of flight {unknown}
 l - a potion of curing {unknown}
 o - a potion of berserk rage {unknown}
Comestibles
 d - 5 rations
 q - 6 chunks of flesh


   Skills:
 + Level 4.8 Fighting
 + Level 1.6 Short Blades
 + Level 1.6 Long Blades
 + Level 4.8 Axes
 + Level 1.6 Maces & Flails
 + Level 1.6 Polearms
 + Level 1.6 Staves
 + Level 1.6 Slings
 + Level 1.6 Bows
 + Level 1.6 Crossbows
 + Level 1.6 Throwing
 + Level 3.0 Armour
 + Level 4.8 Dodging
 + Level 1.6 Stealth
 + Level 1.6 Shields
 + Level 1.6 Unarmed Combat
 + Level 5.2 Spellcasting
 + Level 1.2 Conjurations
 + Level 1.2 Hexes
 + Level 5.5 Charms
 + Level 1.2 Summonings
 + Level 1.2 Necromancy
 + Level 1.2 Translocations
 + Level 1.2 Transmutations
 + Level 1.2 Fire Magic
 + Level 1.2 Ice Magic
 + Level 1.2 Air Magic
 + Level 1.2 Earth Magic
 + Level 1.2 Poison Magic
 + Level 1.8 Invocations
 + Level 1.6 Evocations


You had 3 spell levels left.
You knew the following spells:

 Your Spells              Type           Power        Failure   Level  Hunger
a - Infusion              Chrm           ###.         6%          1    None
b - Song of Slaying       Chrm           ###.....     10%         2    #......
c - Shroud of Golubria    Chrm/Tloc      ###.......   22%         2    #......
d - Regeneration          Chrm/Necr      ###.......   41%         3    ###....
e - Spectral Weapon       Hex/Chrm       ###.....     41%         3    ###....

Your spell library contained the following spells:

 Spells                   Type           Power        Failure   Level  Hunger


Dungeon Overview and Level Annotations

Branches:
Dungeon (4/15)
 Temple: D:4-7

Altars:
Nemelex Xobeh
Yredelemnul
Jiyva


Innate Abilities, Weirdness & Mutations

Your experience applies equally to all skills.
You have very sharp teeth.
Your uncanny sense of smell can sniff out nearby items.


Message History

You hear a distant slurping noise.
Jiyva appreciates your sacrifice.
You barely miss the leopard gecko skeleton.
You bite the leopard gecko skeleton.
The leopard gecko skeleton is heavily damaged.
The leopard gecko skeleton bites you but does no damage.
You hit the leopard gecko skeleton.
The leopard gecko skeleton is severely damaged.
The leopard gecko skeleton bites you but does no damage.
You hit the leopard gecko skeleton.
You destroy the leopard gecko skeleton!
The centaur shoots an arrow.
The arrow hits you!
* * * LOW HITPOINT WARNING * * *
You hit the centaur.
The centaur is lightly wounded.
Your song has ended.
Your spectral weapon fades away.
The centaur unwields an uncursed shortbow.
The centaur hits you.
You die...

##.#.#.....#.##
#.#...#..###.##
#.#####.##
##.#######. #..
..## ##........
### ###.#
##.########
#.###.## #.#.##
####[###
#.@).).#
#c##)#.# #.
#.#.##### #.
#(.......
.Z........####.
####.#....#
#.#.c..#
#!......
...c..##


You could see a centaur.

Vanquished Creatures
  2 orc priests (D:4)
  An orc wizard (D:4)
  4 adders
  A dart slug (D:1)
  5 leopard geckos
  10 orcs
  4 giant cockroaches
  2 gnoll zombies (D:3)
  4 goblins
  10 hobgoblins
  4 jackals (D:2)
  6 kobolds
  4 bats
  A frilled lizard (D:2)
  A leopard gecko skeleton (D:4)
  7 rats
66 creatures vanquished.

Vanquished Creatures (others)
  4 jellies (D:4)
  An orc wizard (D:4)
  A bullfrog skeleton (D:4)
  A worm (D:3)
  An orc (D:4)
  A bat (D:2)
9 creatures vanquished.

Grand Total: 75 creatures vanquished

Notes
Turn   | Place    | Note
-------+----------+-------------------------------------------
     0 | D:1      | dvd the Gnoll Skald began the quest for the Orb.
     0 | D:1      | Reached XP level 1. HP: 20/20 MP: 6/6
    22 | D:1      | Found a sparkling altar of Nemelex Xobeh.
   187 | D:1      | Reached XP level 2. HP: 26/26 MP: 7/7
   476 | D:1      | Reached XP level 3. HP: 27/31 MP: 9/9
   551 | D:1      | Reached skill level 5 in Spellcasting
   556 | D:1      | Learned a level 2 spell: Song of Slaying
   559 | D:1      | Learned a level 2 spell: Shroud of Golubria
   563 | D:1      | Learned a level 3 spell: Regeneration
   567 | D:1      | Learned a level 3 spell: Spectral Weapon
   944 | D:2      | Reached skill level 1 in Invocations
  1062 | D:2      | Found a faded altar of an unknown god.
  1076 | D:2      | Became a worshipper of Jiyva Jufimm the Shapeless
  1076 | D:2      | Reached * piety under Jiyva
  1202 | D:2      | Reached skill level 1 in Short Blades
  1202 | D:2      | Reached skill level 1 in Long Blades
  1202 | D:2      | Reached skill level 1 in Maces & Flails
  1202 | D:2      | Reached skill level 1 in Polearms
  1202 | D:2      | Reached skill level 1 in Staves
  1202 | D:2      | Reached skill level 1 in Slings
  1202 | D:2      | Reached skill level 1 in Bows
  1202 | D:2      | Reached skill level 1 in Crossbows
  1202 | D:2      | Reached skill level 1 in Throwing
  1202 | D:2      | Reached skill level 1 in Stealth
  1202 | D:2      | Reached skill level 1 in Shields
  1202 | D:2      | Reached skill level 1 in Unarmed Combat
  1202 | D:2      | Reached skill level 1 in Evocations
  1353 | D:3      | Reached XP level 4. HP: 36/38 MP: 9/11
  1402 | D:3      | Reached ** piety under Jiyva
  1492 | D:3      | Reached skill level 1 in Conjurations
  1492 | D:3      | Reached skill level 1 in Hexes
  1492 | D:3      | Reached skill level 1 in Summonings
  1492 | D:3      | Reached skill level 1 in Necromancy
  1492 | D:3      | Reached skill level 1 in Translocations
  1492 | D:3      | Reached skill level 1 in Transmutations
  1492 | D:3      | Reached skill level 1 in Fire Magic
  1492 | D:3      | Reached skill level 1 in Ice Magic
  1492 | D:3      | Reached skill level 1 in Air Magic
  1492 | D:3      | Reached skill level 1 in Earth Magic
  1492 | D:3      | Reached skill level 1 in Poison Magic
  1716 | D:3      | Found a basalt altar of Yredelemnul.
  1863 | D:4      | Reached XP level 5. HP: 24/43 MP: 2/12
  1879 | D:4      | Noticed a centaur
  1888 | D:4      | HP: 2/43 [centaur/arrow (10)]
  1889 | D:4      | Slain by a centaur

Skill      XL: |  1  2  3  4  5 |
---------------+----------------+-----
Spellcasting   | 5 |  5.2
Invocations    | 1 |  1.8
Short Blades   | 1 |  1.6
Long Blades    | 1 |  1.6
Maces & Flails | 1 |  1.6
Polearms       | 1 |  1.6
Staves         | 1 |  1.6
Slings         | 1 |  1.6
Bows           | 1 |  1.6
Crossbows      | 1 |  1.6
Throwing       | 1 |  1.6
Stealth        | 1 |  1.6
Shields        | 1 |  1.6
Unarmed Combat | 1 |  1.6
Evocations     | 1 |  1.6
Conjurations   | 1 |  1.2
Hexes          | 1 |  1.2
Summonings     | 1 |  1.2
Necromancy     | 1 |  1.2
Translocations | 1 |  1.2
Transmutations | 1 |  1.2
Fire Magic     | 1 |  1.2
Ice Magic      | 1 |  1.2
Air Magic      | 1 |  1.2
Earth Magic    | 1 |  1.2
Poison Magic   | 1 |  1.2
Armour         | 3 |  3.0
Fighting       | |  4.8
Axes           | |  4.8
Dodging        | |  4.8
Charms         | |  5.5

Action                   |  1- 3 |  4- 6 || total
-------------------------+-------+-------++-------
Melee: Hand axe          |   107 |    98 ||   205
       Bite              |    11 |    15 ||    26
       Punch             |     2 |     2 ||     4
 Cast: Spectral Weapon   |     4 |     1 ||     5
       Shroud of Golubri |     2 |     2 ||     4
       Song of Slaying   |       |     2 ||     2
       Regeneration      |       |     1 ||     1
  Eat: Chunk             |     2 |       ||     2
Armor: Ring mail         |    28 |       ||    28
       Leather armour    |     1 |       ||     1
       Scale mail        |     5 |    39 ||    44
Dodge: Dodged            |    69 |    71 ||   140
